 Dungeon Crawl Stone Soup version 0.18-a0-1186-gd02dc51 (webtiles) character file.

340 kae the Poker (level 6, -4/56 HPs)
             Began as a Naga Fighter on Jan 28, 2016.
             Slain by a gnoll
             ... wielding a +0 whip of distortion
              (21 damage)
             ... on level 3 of the Dungeon.
             The game lasted 00:04:20 (2679 turns).

kae the Poker (Naga Fighter)                        Turns: 2679, Time: 00:04:20

Health: -4/56      AC:  5    Str: 18    XL:     6   Next: 56%
Magic:  6/6        EV:  5    Int: 13    God:
Gold:   113        SH:  8    Dex: 11    Spells: 0 memorised, 5 levels left

rFire  . . .     SeeInvis +     a - +0 trident
rCold  . . .     Gourm    .     b - +0 scale mail
rNeg   . . .     Faith    .     c - +0 shield
rPois  +         Spirit   .     (no helmet)
rElec  .         Dismiss  .     (no cloak)
rCorr  .         Reflect  .     (no gloves)
SustAt .         Harm     .     (no barding)
MR     .....                    (no amulet)
Stlth  ..........               (no ring)
                                p - +3 ring of intelligence

@: very slow, not resistant to hostile enchantments, extremely unstealthy
A: see invisible, deformed body, poison resistance, slowness 2, slow metabolism
1, spit poison 2, AC +2
a: Spit Poison


You were on level 3 of the Dungeon.
You were not hungry.

You visited 1 branch of the dungeon, and saw 4 of its levels.

You collected 113 gold pieces.

Inventory:

Hand Weapons
 a - a +0 trident (weapon)
Armour
 b - a +0 scale mail (worn)
 c - a +0 shield (worn)
Jewellery
 p - a +3 ring of intelligence (left hand)
Wands
 i - a wand of polymorph (0/24)
Scrolls
 g - 3 scrolls of blinking
 k - 2 scrolls of teleportation
 m - 2 scrolls of remove curse
Potions
 h - 3 potions of curing
 j - 2 potions of brilliance
 o - a potion of agility
 q - a potion of mutation
 t - a potion of cancellation
Comestibles
 f - 2 bread rations
 l - 3 fruits
 u - a meat ration


   Skills:
 - Level 3.0 Fighting
 + Level 6.8 Polearms
 - Level 2.4 Armour
 - Level 2.4 Shields


You had 5 spell levels left.
You didn't know any spells.

Dungeon Overview and Level Annotations

Branches:
Dungeon (4/15)
 Temple: D:4-7

Altars:
Makhleb
Yredelemnul


Innate Abilities, Weirdness & Mutations

You cannot wear boots.
Your serpentine skin is tough (AC +2).
You have supernaturally acute eyesight.
Armour fits poorly on your strangely shaped body.
Your system is resistant to poisons.
You cover ground very slowly.
You have a slow metabolism.
You can spit poison.


Message History

You have got your breath back.
You block the orc's attack. The orc hits you but does no damage.
An orc comes into view. It is wielding a dagger.
The orc shouts!
You hit the orc.
The orc is moderately wounded.
The orc hits you with a hand axe. The orc hits you but does no damage.
You hit the orc.
You kill the orc!
The orc hits you with a hand axe. The orc barely misses you.
There is a stone staircase leading up here.
The gnoll hits you but does no damage. Space bends around you.
* * * LOW HITPOINT WARNING * * *
You climb upwards.
There is a stone staircase leading down here.
Unknown command.
Unknown command.
The gnoll hits you but does no damage. Space warps horribly around you!
You die...

#......##.....รท.#
#.............
#......##.......###.............
#..)...##...........##..........
#.).......##........#######.....
#####.....#.........# #.....
#.....#...#...##########....
##...(.#...#..........###....
#.........og.................
#.......####@................
#.......#...................#
#.......#.####....##...#.##.#
#.......#.# #....##.....##..
#.........# #....#######..##
#.##....### #....# ###.>##
#....#########....# #(.##..
####.# #......<#### ##.##.# #.#
#.####### ####..


You could see a gnoll and an orc.

Vanquished Creatures
  The ghost of kae the Insei, an amateur DsMo (D:3)
  3 orc wizards
  Ijyb (D:3)
  A worker ant (D:4)
  5 adders
  3 oozes
  A worm (D:4)
  A giant gecko (D:3)
  9 orcs
  2 giant cockroaches
  5 hobgoblins
  7 kobolds
  A quokka (D:2)
  A ball python (D:3)
  4 bats
  4 giant newts
  4 goblins
  7 rats
60 creatures vanquished.

Notes
Turn   | Place    | Note
--------------------------------------------------------------
     0 | D:1      | kae the Naga Fighter began the quest for the Orb.
     0 | D:1      | Reached XP level 1. HP: 21/21 MP: 1/1
    57 | D:1      | Reached XP level 2. HP: 22/28 MP: 2/2
   611 | D:2      | Found a burning altar of Makhleb.
   723 | D:2      | Reached XP level 3. HP: 31/34 MP: 3/3
   844 | D:2      | Reached skill level 4 in Polearms
  1086 | D:2      | Found a burning altar of Makhleb.
  1086 | D:2      | Noticed a blizzard demon
  1361 | D:3      | Reached XP level 4. HP: 22/42 MP: 4/4
  1803 | D:3      | Reached skill level 5 in Polearms
  1872 | D:3      | Reached XP level 5. HP: 46/49 MP: 5/5
  1940 | D:3      | Noticed kae's ghost (amateur DsMo)
  2240 | D:3      | Killed kae's ghost
  2240 | D:3      | Reached skill level 6 in Polearms
  2240 | D:3      | Reached XP level 6. HP: 50/56 MP: 6/6
  2498 | D:3      | Found a basalt altar of Yredelemnul.
  2503 | D:3      | Noticed Ijyb
  2516 | D:3      | Killed Ijyb
  2679 | D:3      | Slain by a gnoll

Vault maps used:
D:1:      dpeg_arrival_line_fractal
D:2:      kennysheep_big_flooded_room, lemuel_crystal_altar,
          makhleb_altar_promises_db
D:3:      yredelemnul_altar_generic, first_bread, st_stairs_7, uniq_iyjb
D:4:      minitemple, st_stairs_8, kennysheep_boxes

Action                   |  1- 3 |  4- 6 || total
-------------------------+-------+-------++-------
Melee: Trident           |   114 |   132 ||   246
 Abil: Spit Poison       |     2 |     5 ||     7
  Use: Scroll            |     1 |    13 ||    14
       Potion            |       |     1 ||     1
  Eat: Chunk             |       |     5 ||     5
